 Dungeon Crawl Stone Soup version 0.31.0-9-g3a7656b989 (webtiles) character file.

Game seed: 4838670686556856830

49 CapUranus the Conjurer (level 3, 0/27 HPs)
             Began as a Draconian Conjurer on Jan 27, 2024.
             Succumbed to Crazy Yiuf's poison
             ... on level 2 of the Dungeon.
             The game lasted 00:18:28 (2087 turns).

CapUranus the Conjurer (Draconian Conjurer)         Turns: 2087, Time: 00:18:29

Health: 0/27       AC:  5    Str:  9    XL:     3   Next: 53%
Magic:  5/6        EV:  9    Int: 20    God:
Gold:   111        SH:  6    Dex:  9    Spells: 6/7 levels left

rFire   + . .        d - +0 club
rCold   + . .        c - +0 kite shield {reflect}
rNeg    . . .        (body armour unavailable)
rPois   +            (helmet restricted)
rElec   +            (no cloak)
rCorr   +            (no gloves)
SInv    .            (no boots)
Will    .....        (no amulet)
Stlth   ++           (no ring)
HPRegen 0.24/turn    (no ring)
MPRegen 0.10/turn

%: reflection
@: lethally poisoned (0 -> -10), resistant
A: AC +5, unfitting armour, cold-blooded
a: no special abilities


You were on level 2 of the Dungeon.
You visited 1 branch of the dungeon, and saw 2 of its levels.

You collected 111 gold pieces.

Inventory:

Hand Weapons
 d - a +0 club (weapon)
 g - a +0 short sword
 h - a +0 dagger
 l - a +0 dagger
 m - a +0 mace
Missiles
 i - 10 stones
 q - 5 large rocks
Armour
 b - a +0 leather armour of willpower
 c - a +0 kite shield of reflection (worn)
 n - a +0 ring mail
 p - a +0 leather armour
Wands
 s - a wand of flame (11)
Scrolls
 e - a scroll of enchant weapon {unknown}
 f - 3 scrolls of identify {unknown}
 k - a scroll of immolation {unknown}
 o - a scroll of blinking {unknown}
 t - a scroll of amnesia {unknown}
Potions
 a - a potion of magic
 j - a potion of resistance {unknown}
 r - a potion of lignification {unknown}
 u - a potion of attraction {unknown}


   Skills:
 + Level 0.6 Fighting
 + Level 0.2 Maces & Flails
 + Level 2.1 Dodging
 + Level 2.1 Stealth
 + Level 0.4 Shields
 + Level 0.3 Unarmed Combat
 + Level 2.5 Spellcasting
 + Level 4.4 Conjurations


You had 6 spell levels left.
You knew the following spells:

 Your Spells              Type           Power      Damage    Failure   Level
a - Magic Dart            Conj           80%        1d7       16%         1

Your spell library contained the following spells:

 Spells                   Type           Power      Damage    Failure   Level
 Searing Ray              Conj           40%        2d5       22%         2
 Hailstorm                Conj/Ice       11%        3d6       75%         3
 Call Imp                 Summ           4%         N/A       80%         2
 Sublimation of Blood     Necr           2%         N/A       80%         2
 Summon Ice Beast         Ice/Summ       2%         N/A       95%         3
 Fulminant Prism          Conj/Alch      5%         3d6       98%         4
 Iskenderun's Mystic Bla  Conj/Tloc      11%        2d4       98%         4
 Sculpt Simulacrum        Ice/Alch       1%         N/A       100%        6
 Summon Hydra             Summ           1%         N/A       100%        7


Dungeon Overview and Level Annotations

Branches:
Dungeon (2/15)

Altars:
Yredelemnul

Annotations:
D:2 Crazy Yiuf


Innate Abilities, Weirdness & Mutations

Your plain brown scales are hard. (AC +5)
You cannot fit into any form of body armour.
You are cold-blooded and may be slowed by cold attacks.


Message History

u - a sapphire potion You now have 111 gold pieces (gained 8).
Casting: Magic Dart (safe; 16% risk of failure)
Confirm with . or Enter, or press ? or * to list all spells.
You don't know that spell.
You hit the fungus.
The fungus begins to die.
The fungus is lightly damaged.
You hit the fungus.
The fungus is lightly damaged.
A nearby fungus withers and dies.
Casting: Magic Dart (safe; 16% risk of failure)
Confirm with . or Enter, or press ? or * to list all spells.
You can't see any susceptible monsters within range! (Use Z to cast anyway.)
You hit the fungus.
The fungus begins to die.
You tail-slap the fungus, but do no damage.
The fungus is lightly damaged.
You hit the fungus.
The fungus is lightly damaged.
You hit the fungus.
The fungus is lightly damaged.
A nearby fungus withers and dies.
Found a hammer.
Found a runed translucent door.
Crazy Yiuf shouts!
You open the door.
Casting: Magic Dart (safe; 16% risk of failure)
Confirm with . or Enter, or press ? or * to list all spells.
Aiming: Magic Dart (safe; 16% risk of failure)
Press: ? - help, Shift-Dir - straight line, f - Crazy Yiuf
Aim: Crazy Yiuf, wielding a +4 quarterstaff of chaos and wearing a +0 cloak (100% to hit)
The magic dart hits Crazy Yiuf but does no damage.
Crazy Yiuf cries, "Defame!
Line hog verde."
Crazy Yiuf hits you with a +4 quarterstaff of chaos!
You are poisoned.
You hit Crazy Yiuf but do no damage.
You feel very sick.
Crazy Yiuf hits you with a +4 quarterstaff of chaos!
* * * LOW HITPOINT WARNING * * *
You feel protected.
You hit Crazy Yiuf but do no damage.
You die...

#.##........
#...†.......
####........
#####
#...>....
#..)#
#.........
#...#
#.########
... #. #g#
#. ##@# #.
#.## ##.#
#.## ##.##
#...##
#....#
##..##
#....# ####


You could see Crazy Yiuf.

Vanquished Creatures
  An adder (D:2)
  A dart slug (D:2)
  5 endoplasms (D:2)
  A giant cockroach (D:2)
  4 hobgoblins
  3 kobolds
  3 quokkas
  4 ball pythons
  4 bats
  3 frilled lizards
  4 goblins
  4 rats
37 creatures vanquished.

Notes
Turn   | Place    | Note
-------+----------+-------------------------------------------
     0 | D:1      | CapUranus the Draconian Conjurer began the quest for the
                  | Orb.
     0 | D:1      | Reached XP level 1. HP: 14/14 MP: 3/3
   414 | D:1      | Reached XP level 2. HP: 20/20 MP: 1/5
  1169 | D:2      | Reached XP level 3. HP: 23/27 MP: 0/6
  1572 | D:2      | Found a basalt altar of Yredelemnul.
  2080 | D:2      | Found a runed translucent door.
  2081 | D:2      | Noticed Crazy Yiuf
  2087 | D:2      | Succumbed to Crazy Yiuf's poison

Illustrated notes

Levels and vault maps discovered:
D:1:      sevenhm_arrival_forest_fort_large_2, layout_basic,
          wander_ebering_terrifying_dragon_lair
D:2:      minmay_chambers_of_ones, layout_basic, serial_co_window_serial,
          co_window_corner_a, co_window_of_opportunity_a,
          co_window_of_opportunity_a, co_window_paths_a,
          co_window_of_opportunity_a, co_window_paths_a, co_window_corner_a,
          co_window_corner_b, co_window_paths_c, co_window_corner_cb,
          co_window_of_opportunity_c, co_window_corner_b, co_window_paths_c,
          glass_columns_a, glass_columns_b, glass_columns_b, glass_columns_a,
          glass_columns_c, basic_altar, uniq_crazy_yiuf_cottage

Skill      XL: |  1  2 |
---------------+-------+-----
Stealth        | 2 |  2.1
Dodging        | 2 |  2.1
Fighting       | |  0.6
Maces & Flails | |  0.2
Shields        | |  0.4
Unarmed Combat | |  0.3
Spellcasting   | |  2.5
Conjurations   | |  4.4

Action                     || total
---------------------------++-------
  Melee: Unarmed           ||    16
         Club              ||    75
         Tailslap          ||     8
   Cast: Magic Dart        ||    49
 Armour: Skin              ||    62
  Dodge: Dodged            ||    54
  Block: Kite shield       ||    38
